 Dungeon Crawl Stone Soup version 0.26-a0-663-g36e8fdb655 (webtiles) character file.

Game seed: 15249317371161157205

100 flotson the Sneak (level 4, -4/35 HPs)
             Began as a Demonspawn Delver on Oct 10, 2020.
             Slain by Grinder (7 damage)
             ... while paralysed by Grinder
             ... on level 3 of the Dungeon.
             The game lasted 00:05:10 (1758 turns).

flotson the Sneak (Demonspawn Delver)               Turns: 1758, Time: 00:05:11

Health: -4/35      AC:  5    Str: 13    XL:     4   Next: 46%
Magic:  4/4        EV:  2    Int: 11    God:
Gold:   84         SH:  0    Dex: 15    Spells: 3/3 levels left

rFire    . . .     SeeInvis .   b - +0 trident
rCold    . . .     Faith    .   l - +0 kite shield
rNeg     . . .     Spirit   .   n - +0 ring mail
rPois    .         Reflect  .   (helmet restricted)
rElec    .         Harm     .   (no cloak)
rCorr    +         Rampage  .   (no gloves)
MR       .....     Rnd*Tele +   (no boots)
Stlth    ++........             (no amulet)
HPRegen  0.11/turn              r - ring of resist corrosion
MPRegen  0.09/turn              u - ring of teleportation (curse)

@: paralysed, stab
A: antennae 1, powered by death 2
a: no special abilities


You were on level 3 of the Dungeon.
You visited 2 branches of the dungeon, and saw 4 of its levels.

You collected 84 gold pieces.

Inventory:

Hand Weapons
 a - a +0 war axe
 b - a +0 trident (weapon)
Missiles
 e - 71 stones (quivered)
 j - 24 arrows
 k - 32 bolts
Armour
 l - a +0 kite shield (worn)
 n - a +0 ring mail (worn)
Jewellery
 r - a ring of resist corrosion (left hand)
 t - an uncursed ring of magical power
 u - a cursed ring of teleportation (right hand)
Wands
 f - a wand of digging (3)
Scrolls
 c - 2 scrolls of magic mapping
 g - 2 scrolls of teleportation {unknown}
 h - a scroll of enchant armour {unknown}
 m - 2 scrolls of identify {unknown}
 o - a scroll of remove curse {unknown}
 p - a scroll of fog
 q - 2 scrolls of fear
Potions
 d - a potion of ambrosia {unknown}
 i - a potion of stabbing
 s - a potion of lignification {unknown}
 w - a potion of brilliance {unknown}


   Skills:
 + Level 3.2 Fighting
 - Level 0.3(0.5) Axes
 + Level 0.4(0.6) Polearms
 + Level 1.0 Armour
 + Level 2.5 Dodging
 - Level 5.1 Stealth
 + Level 0.7 Shields
 - Level 2.2 Unarmed Combat


You had 3 spell levels left.
You didn't know any spells.
Your spell library was empty.

Dungeon Overview and Level Annotations

Branches:
Dungeon (5/15)             Temple (1/1) D:5

Altars:
Ashenzari
Dithmenos
Elyvilon
Gozag
Hepliaklqana
Makhleb
Qazlal
Vehumet
Xom
The Shining One

Annotations:
D:3 Grinder


Innate Abilities, Weirdness & Mutations

You have a pair of small antennae on your head.
You regenerate health from kills.


Message History

Grinder is heavily wounded.
Grinder says, "Just stop there for a second..."
You block Grinder's attack.
You hit Grinder.
Grinder is heavily wounded.
Grinder hits you.
You writhe in agony.
Grinder hits you but does no damage.
You hit Grinder but do no damage.
Grinder is heavily wounded.
Grinder hits you.
* * * LOW HITPOINT WARNING * * *
You closely miss Grinder.
Grinder is heavily wounded.
Grinder gestures at you.
You suddenly lose the ability to move!
Grinder hits you.
* * * LOW HITPOINT WARNING * * *
You writhe in agony.
* * * LOW HITPOINT WARNING * * *
Grinder hits you!
You die...

#. #. #. #. #.
#. #+# #(####
#.# #.@5.#
######.###
####.#
#........# #.#
#.#.#....# #.#
#.#......# #.#
#.#......#
#.####.#..#...##
#...............
########.####.##
#..<...#


You could see Grinder.

Vanquished Creatures
  A howler monkey (D:4)
  2 adders (D:4)
  An ooze (D:4)
  A worm (D:3)
  A leopard gecko (D:4)
  7 orcs
  A goblin (D:3)
  4 jackals (D:4)
  5 kobolds (D:3)
  2 quokkas (D:3)
  A ball python (D:4)
  A frilled lizard (D:3)
  A leopard gecko skeleton (D:4)
  2 rats (D:3)
30 creatures vanquished.

Notes
Turn   | Place    | Note
-------+----------+-------------------------------------------
     0 | D:5      | flotson the Demonspawn Delver began the quest for the Orb.
     0 | D:5      | Reached XP level 1. HP: 18/18 MP: 1/1
     2 | D:5      | Found a staircase to the Ecumenical Temple.
    10 | Temple   | Entered the Ecumenical Temple
   202 | D:4      | Gained mutation: You regenerate a little health from kills.
                  | [demonic ancestry]
   202 | D:4      | Reached XP level 2. HP: 16/24 MP: 2/2
   578 | D:4      | Noticed a howler monkey
   609 | D:4      | Killed a howler monkey
   609 | D:4      | Reached skill level 5 in Stealth
   609 | D:4      | Gained mutation: You regenerate health from kills. [demonic
                  | ancestry]
   609 | D:4      | Reached XP level 3. HP: 7/29 MP: 3/3
   781 | D:4      | Gained mutation: You have a pair of small antennae on your
                  | head. [demonic ancestry]
   781 | D:4      | Reached XP level 4. HP: 13/35 MP: 4/4
   823 | D:4      | Reached skill level 1 in Armour
  1744 | D:3      | Noticed Grinder
  1756 | D:3      | Paralysed by Grinder for 5 turns
  1758 | D:3      | Slain by Grinder

Illustrated notes

Levels and vault maps discovered:
D:3:      layout_loops_corners, uniq_grinder
D:4:      minmay_bubble_buster, layout_layer_cave, cheibriados_altar_1,
          ebering_ghost_disaster_area
D:5:      layout_loops_ring, kennysheep_little_box,
          nemelex_xobeh_ov_fountains_minmay, gammafunk_temple_overflow_statue,
          minmay_temple_entry_slanted
Temple:   zaba_magenta_temple

Skill      XL: |  1  2  3  4 |
---------------+-------------+-----
Unarmed Combat | 2 |  2.2
Dodging        | 2 |  2.5
Stealth        | 5 |  5.1
Armour         | 1 |  1.0
Fighting       | |  3.2
Axes           | |  0.3
Polearms       | |  0.4
Shields        | |  0.7

Action                   |  1- 3 |  4- 6 || total
-------------------------+-------+-------++-------
Melee: Unarmed           |    27 |       ||    27
       War axe           |    58 |     6 ||    64
       Trident           |       |    44 ||    44
Throw: Stone             |     7 |     3 ||    10
       Javelin           |     4 |     6 ||    10
       Throwing net      |       |     2 ||     2
  Use: Potion            |     1 |     1 ||     2
       Scroll            |     1 |       ||     1
 Stab: Sleeping          |       |     3 ||     3
Armor: Leather armour    |     7 |       ||     7
       Ring mail         |    30 |    11 ||    41
Dodge: Dodged            |    49 |     8 ||    57
Block: Kite shield       |    17 |    15 ||    32

Table legend: (Time is in decaauts)
 A = Elapsed time spent in this place.
 B = Non-inter-level travel time spent in this place.
 C = Inter-level travel time spent in this place.
 D = Time resting spent in this place.
 E = Time spent auto-exploring this place.
 F = Levels seen in this place.
 G = Mean time per level.
                   A        B        C        D        E       F      G
               +--------+--------+--------+--------+--------+-----+--------+
         Total |   1799 |   1765 |     34 |     29 |   1296 |   4 |  449.8 |
       Dungeon |   1723 |   1708 |     15 |     29 |   1239 |   3 |  574.3 |
        Temple |     76 |     57 |     19 |      0 |     57 |   1 |   76.0 |
               +--------+--------+--------+--------+--------+-----+--------+

Top non-repeatable levels by time:
     D:3: 928 daAuts
     D:4: 750 daAuts
  Temple: 76 daAuts
     D:5: 43 daAuts
